 Dungeon Crawl Stone Soup version 0.31-a0-1206-g41278d8d1d (webtiles) character file.

Game seed: 12381727799916145537

35 Curundu the Trooper (level 3, 0/33 HPs)
             Began as a Draconian Berserker on Dec 13, 2023.
             Was a Follower of Trog.
             Slain by Terence
             ... wielding a +0 mace
              (3 damage)
             ... on level 2 of the Dungeon.
             The game lasted 00:05:19 (1204 turns).

Curundu the Trooper (Draconian Berserker)           Turns: 1204, Time: 00:05:20

Health: 0/33       AC:  5    Str: 21    XL:     3   Next: 16%
Magic:  3/3        EV: 12    Int:  7    God:    Trog [*.....]
Gold:   63         SH:  0    Dex: 10    Spells: 2/2 levels left

rFire   . . .        a - +0 spear
rCold   . . .        (no shield)
rNeg    . . .        (body armour unavailable)
rPois   .            (helmet restricted)
rElec   .            (no cloak)
rCorr   .            (no gloves)
SInv    .            (no boots)
Will    ++...        (no amulet)
Stlth   +            (no ring)
HPRegen 1.25/turn    (no ring)
MPRegen 0.08/turn

%: no passive effects
@: strong-willed, regenerating
A: AC +5, unfitting armour, cold-blooded
a: Renounce Religion, Berserk


You were on level 2 of the Dungeon.
You worshipped Trog.
Trog was aware of your devotion.
You visited 1 branch of the dungeon, and saw 2 of its levels.

You collected 63 gold pieces.

Inventory:

Hand Weapons
 a - a +0 spear (weapon)
Missiles
 b - 2 boomerangs
 h - 8 poisoned darts
Scrolls
 c - 2 scrolls of identify {unknown}
 d - a scroll of noise {unknown}
 e - a scroll of silence {unknown}
 i - a scroll of enchant armour {unknown}
Potions
 f - a potion of berserk rage {unknown}
 g - a potion of curing {unknown}


   Skills:
 + Level 3.8 Fighting
 + Level 3.3 Polearms
 + Level 0.6 Throwing
 + Level 3.1 Dodging
 + Level 0.2 Stealth


You had 2 spell levels left.
You didn't know any spells.
Your spell library was empty.

Dungeon Overview and Level Annotations

Branches:
Dungeon (2/15)

Altars:

Annotations:
D:2 Terence


Innate Abilities, Weirdness & Mutations

Your plain brown scales are hard. (AC +5)
You cannot fit into any form of body armour.
You are cold-blooded and may be slowed by cold attacks.


Message History

The adder looks more healthy.
The ball python closely misses you. The ball python constricts you.
The ball python bites you.
* * * LOW HITPOINT WARNING * * *
The adder barely misses you.
You miss the adder. You tail-slap the adder.
You kill the adder!
Trog accepts your kill.
The ball python bites you but does no damage.
The ball python barely misses you. The ball python constricts you.
You have reached level 3!
Your experience leads to an increase in your attributes!
Increase (S)trength, (I)ntelligence, or (D)exterity?
You feel stronger. x2; Your scales feel tougher.
You escape the ball python's grasp.
The ball python misses you. The ball python grabs you.
The ball python constricts you.
You puncture the ball python!
You kill the ball python!
Trog accepts your kill.
Activating: Trog's Hand (6% risk of failure)
Press: ? - help, Q - select action, (/) - cycle Dir - look around, f - activate Your skin crawls.
You feel strong-willed.
You can no longer call upon Trog for regeneration and willpower.
Terence barely misses you.
You closely miss Terence.
You tail-slap Terence, but do no damage.
Terence hits you with a +0 mace!
* * * LOW HITPOINT WARNING * * *
You hit Terence but do no damage. Terence closely misses you.
You hit Terence but do no damage. Terence hits you with a +0 mace.
* * * LOW HITPOINT WARNING * * *
You hit Terence but do no damage. Terence hits you with a +0 mace.
* * * LOW HITPOINT WARNING * * *
You hit Terence.
Terence is lightly wounded.
Terence screams, "I want your blood!" Terence hits you with a +0 mace.
You die...
Terence says, "Rest in peace."

#...###.#..######.###########
..........................
######.......#.###########
#..##.###.# #..##..##.#
#..###.##.# #..# #..#.##
######..####....##########
.......S@@................
####.#.w######.##..#.#.###
##.###.#..##................
..(...†.....####.####..#.###
..(.......### #.# #..#.#
..........# #.# ##.#.#
.(.##..#..# #.# ###.#.### ..
#..#..# #.# #........ .
#...... #.# #.#...###


You could see Terence, a worm and a ball python.

Vanquished Creatures
  An adder (D:2)
  4 endoplasms (D:1)
  2 giant cockroaches (D:1)
  A goblin (D:1)
  A hobgoblin (D:1)
  2 jackals (D:1)
  A quokka (D:1)
  3 ball pythons
  2 bats (D:1)
  3 frilled lizards (D:1)
  3 kobolds
  2 rats (D:1)
25 creatures vanquished.

Notes
Turn   | Place    | Note
-------+----------+-------------------------------------------
     0 | D:1      | Curundu the Draconian Berserker began the quest for the
                  | Orb.
     0 | D:1      | Reached XP level 1. HP: 19/19 MP: 1/1
   286 | D:1      | Reached XP level 2. HP: 24/26 MP: 2/2
   779 | D:1      | Reached ** piety under Trog
  1187 | D:2      | Noticed Terence
  1194 | D:2      | Reached XP level 3. HP: 10/33 MP: 3/3
  1204 | D:2      | Slain by Terence

Illustrated notes

Levels and vault maps discovered:
D:1:      psy_arrival_spokes, layout_loops_corners
D:2:      layout_basic, uniq_terence, uniq_crazy_yiuf_cottage

Skill      XL: |  1  2 |
---------------+-------+-----
Dodging        | 3 |  3.1
Fighting       | |  3.8
Polearms       | |  3.3
Throwing       | |  0.6
Stealth        | |  0.2

Action                     || total
---------------------------++-------
  Melee: Spear             ||    55
         Tailslap          ||     7
  Throw: Boomerang         ||    10
         Dart              ||    26
 Invoke: Trog's Hand       ||     1
 Armour: Skin              ||    29
  Dodge: Dodged            ||    40

Table legend: (Time is in decaauts)
 A = Elapsed time spent in this place.
 B = Non-inter-level travel time spent in this place.
 C = Inter-level travel time spent in this place.
 D = Time resting spent in this place.
 E = Time spent auto-exploring this place.
 F = Levels seen in this place.
 G = Mean time per level.
                   A        B        C        D        E       F      G
               +--------+--------+--------+--------+--------+-----+--------+
         Total |   1205 |   1205 |      0 |      0 |    902 |   2 |  602.5 |
       Dungeon |   1205 |   1205 |      0 |      0 |    902 |   2 |  602.5 |
               +--------+--------+--------+--------+--------+-----+--------+

Top non-repeatable levels by time:
     D:1: 982 daAuts
     D:2: 222 daAuts
